 Dungeon Crawl Stone Soup version 0.28-a0-1389-gc726bef33b (webtiles) character file.

Game seed: 12670473429350868529

5344 SensoryNuts the Basher (level 10, -15/75 (76) HPs)
             Began as a Demonspawn Fighter on Jan 4, 2022.
             Was the Champion of Cheibriados.
             Demolished by a sun demon (20 damage)
             ... summoned by a kobold demonologist
             ... on level 8 of the Dungeon.
             The game lasted 00:15:04 (8217 turns).

SensoryNuts the Basher (Demonspawn Fighter)         Turns: 8217, Time: 00:15:05

HP:   -15/75 (76)   AC:  8    Str: 44    XL:     10   Next: 38%
MP:   10/10         EV: 14    Int: 25    God:    Cheibriados [******]
Gold: 520           SH:  4    Dex: 25    Spells: 9/9 levels left

rFire   + + .      SeeInvis .   e - +6 great mace "Teav" {venom, rF+ Str+5 Dex-4}
rCold   . . .      Faith    .   (shield currently unavailable)
rNeg    . . .      Spirit   .   g - +2 troll leather armour {Pargi}
rPois   .          Reflect  .   (helmet unavailable)
rElec   +          Harm     .   j - +1 cloak
rCorr   +          Rampage  .   (no gloves)
Will    +....                   (no boots)
Stlth   +++.......              (no amulet)
HPRegen 1.02/turn               d - ring "Mamem" {rElec Will+ rCorr Str+3}
MPRegen 0.12/turn               r - +4 ring of slaying

@: lightly drained, very slow
A: horns 3, large bone plates 1, ignite blood 3, agile 1, fire resistance 1,
wild magic 1
a: Renounce Religion, Bend Time, Temporal Distortion, Slouch, Step From Time


You were on level 8 of the Dungeon.
You worshipped Cheibriados.
Cheibriados was exalted by your worship.
You visited 1 branch of the dungeon, and saw 8 of its levels.
You also visited: Sewer and Ossuary.

You collected 520 gold pieces.

Inventory:

Hand Weapons
 a - a +1 long sword
 e - the +6 great mace "Teav" (weapon) {venom, rF+ Str+5 Dex-4}
   (You took it off an ogre on level 3 of the Dungeon)

   It poisons the flesh of those it strikes.
   Str:       It affects your strength (+5).
   Dex:       It affects your dexterity (-4).
   rF:        It protects you from fire.
Armour
 b - a +0 scale mail
 c - a +0 buckler
 g - a +2 troll leather armour (worn) {Pargi}
 j - a +1 cloak (worn)
Jewellery
 d - the ring "Mamem" (left hand) {rElec Will+ rCorr Str+3}
   (You acquired it on level 4 of the Dungeon)

   [ring of willpower]

   Str:       It affects your strength (+3).
   rElec:     It insulates you from electricity.
   rCorr:     It protects you from acid and corrosion.
   Will:      It increases your willpower.
 p - a ring of wizardry
 r - a +4 ring of slaying (right hand)
 u - a +6 ring of intelligence
 v - an amulet of faith
Wands
 k - a wand of iceblast (4)
 m - a wand of flame (44)
 q - a wand of digging (6)
Scrolls
 f - 2 scrolls of vulnerability
 i - a scroll of amnesia
 n - 3 scrolls of identify
 s - 2 scrolls of magic mapping
 y - a scroll of teleportation
 z - a scroll of noise
 A - 3 scrolls of fear
 F - a scroll of fog
Potions
 h - a potion of heal wounds
 l - 5 potions of curing
 o - 3 potions of brilliance
 t - a potion of resistance
 w - a potion of might
 B - a potion of invisibility
 E - a potion of attraction


   Skills:
 + Level 6.2 Fighting
 + Level 4.5 Long Blades
 * Level 10.4 Maces & Flails
 + Level 4.3 Armour
 + Level 3.4 Dodging
 + Level 2.5 Stealth
 + Level 4.8 Shields


You had 9 spell levels left.
You didn't know any spells.
Your spell library contained the following spells:

 Spells                   Type           Power      Damage    Failure   Level
 Ensorcelled Hibernation  Hex/Ice        0%         N/A       30%         2
 Tukima's Dance           Hex            0%         N/A       50%         3
 Enfeeble                 Hex            0%         N/A       100%        7


Dungeon Overview and Level Annotations

Branches:
Dungeon (8/15)             Temple (0/1) D:6           Sewer (visited)
Ossuary (visited)
   Lair: D:8-11

Altars:
Cheibriados
Hepliaklqana
Nemelex Xobeh
Qazlal
Sif Muna
Trog
Uskayaw
Wu Jian
Xom

Shops:
D:2 *   D:5 *   D:7 =(

Annotations:
D:3 1 transporter
D:8 Erica


Innate Abilities, Weirdness & Mutations

You have a pair of large horns on your head.
You are partially covered in large bone plates. (SH +4)
Your demonic aura causes all spilled blood to erupt in flames.
You are agile. (Dex +2)
Your flesh is heat resistant. (rF+)
Your spells are a little harder to cast, but a little more powerful.


Message History

The kobold demonologist miscasts a cantrip.
The kobold demonologist casts a spell.
The kobold shouts!
Things that are here:
a +0 spear; a gnoll corpse You hear a shout!
The sun demon barely misses you. You block the iron imp's attack.
The kobold demonologist hits you with a +2 dagger of draining.
You feel drained.
Erica screams, "Die!"
You block the sun demon's attack.
The gnoll sergeant hits you from afar with a +0 trident!
The iron imp completely misses you. The kobold brigand misses you.
The kobold demonologist mumbles some strange words.
The iron imp disappears in a puff of smoke!
The sun demon misses you.
The kobold throws a stone.
The stone misses you.
The kobold demonologist zaps a wand.
You resist with almost no effort. The sun demon hits you!!
* * * LOW HITPOINT WARNING * * *
You are engulfed in flames.
You resist.
* * * LOW HITPOINT WARNING * * *
The kobold demonologist gestures wildly while chanting.
You feel much better. The sun demon misses you.
A kobold comes into view. It is wielding a +0 short sword.
The crimson imp hits you but does no damage.
The orange demon completely misses you.
The sun demon hits you but does no damage.
The kobold throws a stone.
The stone hits you but does no damage. The sun demon closely misses you.
There is an open door here.
You feel much better. The orange demon completely misses you.
The sun demon hits you!
You are engulfed in flames.
You resist. The kobold closely misses you.
The crimson imp blinks!
You block the sun demon's attack. The sun demon hits you!!
* * * LOW HITPOINT WARNING * * *
You are engulfed in flames.
You resist.
* * * LOW HITPOINT WARNING * * *
The sun demon hits you!!
You die...

#.........# #....# #........#
#.........####....####........#
#...........''...)))..........#
#...........##...5@))....##'#'#
#...........##.o.gKK.....##.#.###
#######'###.##.####45.#..##.#....
........# #.##.####.@.##.#..#.###
###########.##g#.355..'#.#.##.#
............##@#@##...##.#.##.#
#######.######o#.#.....#.#.##.#
........# #.#.#.#####.#.##.#
...o..o.######.#.#.# #... #.#
...@#)#@)......#.#.##########.#
..g.#.##)......#<...........#.###
....#..g.......#.#.#....#.#.#....
....####.....#.#.#.######.#.#.#.#
..oo #.....#.#.#...........)...


You could see Erica, a sun demon (summoned), an iron imp (summoned), a crimson
imp (summoned) and an ufetubus (summoned).

Vanquished Creatures
  A two-headed ogre (D:5)
  Maurice (D:8)
  Grinder (D:4)
  The ghost of siradein the Skirmisher, an amateur OgBe of Trog (D:4)
  Eustachio (D:6)
  A wyvern (D:7)
  Menkaure (D:4)
  Edmund (D:4)
  2 water moccasins (D:7)
  A sky beast (D:5)
  A hornet zombie (D:7)
  Pargi (Sewer)
  2 ice beasts
  2 necrophages
  4 ogres
  2 centaurs
  The ghost of thegreatkingdan the Shield-Bearer, an amateur GrFi of Qazlal (D:3)
  A kobold brigand (D:8)
  A gnoll sergeant (D:8)
  3 wyvern zombies
  3 water moccasin zombies
  4 killer bees (D:7)
  A howler monkey (D:4)
  5 bullfrog zombies (Ossuary)
  4 centaur zombies
  5 hounds
  4 orc priests
  A bullfrog skeleton (D:5)
  Ijyb (D:4)
  An iguana (D:6)
  6 orc wizards
  2 killer bee zombies (Ossuary)
  17 mummies (Ossuary)
  Robin (D:4)
  2 howler monkey zombies (Ossuary)
  7 adders
  12 gnolls
  3 white imps
  2 dart slugs
  23 orcs
  6 ball pythons
  7 endoplasms
  5 giant cockroaches
  21 goblins
  11 hobgoblins
  17 kobolds
  2 quokkas
  4 bats
  A frilled lizard (D:2)
  9 rats
  A spectral kobold (D:2)
217 creatures vanquished.

Vanquished Creatures (others)
  4 withered plants (Ossuary)
4 creatures vanquished.

Grand Total: 221 creatures vanquished

Notes
Turn   | Place    | Note
-------+----------+-------------------------------------------
     0 | D:1      | SensoryNuts the Demonspawn Fighter began the quest for the
                  | Orb.
     0 | D:1      | Reached XP level 1. HP: 18/18 MP: 1/1
   226 | D:1      | Gained mutation: Your demonic aura sometimes causes spilled
                  | blood to erupt in flames. [demonic ancestry]
   226 | D:1      | Reached XP level 2. HP: 24/24 MP: 2/2
   775 | D:1      | Gained mutation: You are partially covered in large bone
                  | plates. (SH +4) [demonic ancestry]
   775 | D:1      | Reached XP level 3. HP: 28/29 MP: 3/3
  1017 | D:2      | Found a faded altar of an unknown god.
  1051 | D:2      | Prayed at the altar of an unknown god.
  1051 | D:2      | Became a worshipper of Cheibriados the Contemplative
  1051 | D:2      | Reached * piety under Cheibriados
  1134 | D:2      | Found Fuuv's General Store.
  1671 | D:2      | Reached ** piety under Cheibriados
  1867 | D:2      | Reached XP level 4. HP: 35/35 MP: 4/4
  2198 | D:3      | Found a glowing drain.
  2206 | Sewer    | Entered a sewer
  2322 | Sewer    | Noticed Pargi
  2331 | Sewer    | Killed Pargi
  2332 | Sewer    | Reached skill level 1 in Dodging
  2332 | Sewer    | Gained mutation: Your demonic aura often causes spilled
                  | blood to erupt in flames. [demonic ancestry]
  2332 | Sewer    | Reached XP level 5. HP: 31/41 MP: 5/5
  2585 | D:3      | Found a stormy altar of Qazlal.
  2587 | D:3      | Found a bloodstained altar of Trog.
  2755 | D:3      | Found a transporter.
  2755 | D:3      | Identified the +6 great mace "Teav" {venom, rF+ Str+5
                  | Dex-4}
  2755 | D:3      | Noticed an ogre
  2755 | D:3      | Noticed thegreatkingdan's ghost (amateur GrFi)
  2768 | D:3      | Found a transporter.
  2833 | D:3      | Reached *** piety under Cheibriados
  2882 | D:3      | Identified the +3 ring mail "Kutaapp" {rPois rC- rCorr
                  | Int+8}
  2936 | D:3      | Gained mutation: Your demonic aura causes all spilled blood
                  | to erupt in flames. [demonic ancestry]
  2936 | D:3      | Reached XP level 6. HP: 40/47 MP: 6/6
  3150 | D:3      | Found a sparkling altar of Nemelex Xobeh.
  3150 | D:3      | Found a transporter.
  3355 | D:3      | Killed thegreatkingdan's ghost
  3733 | D:4      | Found a shimmering blue altar of Sif Muna.
  3803 | D:4      | Noticed Menkaure
  3819 | D:3      | Reached skill level 1 in Maces & Flails
  3819 | D:3      | Reached skill level 1 in Stealth
  3819 | D:3      | Gained mutation: You have a pair of small horns on your
                  | head. [demonic ancestry]
  3819 | D:3      | Reached XP level 7. HP: 36/53 MP: 7/7
  3850 | D:4      | Killed Menkaure
  3851 | D:4      | Reached skill level 2 in Maces & Flails
  3897 | D:4      | Reached **** piety under Cheibriados
  3901 | D:4      | Noticed Robin
  3906 | D:4      | Killed Robin
  4077 | D:4      | Noticed Ijyb
  4082 | D:4      | Killed Ijyb
  4138 | D:4      | Found a runed translucent door.
  4228 | D:4      | Noticed siradein's ghost (amateur OgBe)
  4521 | D:4      | Noticed Edmund
  4526 | D:4      | Killed Edmund
  4527 | D:4      | Reached skill level 3 in Maces & Flails
  4743 | D:4      | Killed siradein's ghost
  4744 | D:4      | Reached skill level 4 in Maces & Flails
  4744 | D:4      | Gained mutation: You have a pair of horns on your head.
                  | [demonic ancestry]
  4744 | D:4      | Reached XP level 8. HP: 60/60 MP: 8/8
  4755 | D:4      | Identified a scroll of acquirement
  4755 | D:4      | Acquired the ring "Mamem" {rElec Will+ rCorr Str+3}
  4786 | D:5      | Entered Level 5 of the Dungeon
  4823 | D:5      | Noticed Grinder
  4856 | D:4      | Killed Grinder
  4857 | D:4      | Reached skill level 5 in Maces & Flails
  4901 | D:5      | Found a hazy altar of Hepliaklqana.
  4902 | D:5      | Noticed a two-headed ogre
  4934 | D:5      | Killed a two-headed ogre
  4935 | D:5      | Reached skill level 7 in Maces & Flails
  4935 | D:5      | Reached XP level 9. HP: 60/67 MP: 9/9
  4944 | D:5      | Reached ***** piety under Cheibriados
  5317 | D:5      | Found an ornate altar of the Wu Jian Council.
  5337 | D:5      | Reached skill level 5 in Fighting
  5353 | D:5      | Gained mutation: You are occasionally teleported next to
                  | monsters. [potion of mutation]
  5353 | D:5      | Gained mutation: You are agile. (Dex +2) [potion of
                  | mutation]
  5353 | D:5      | Gained mutation: You are strong-willed. (Will+) [potion of
                  | mutation]
  5544 | D:5      | Found Buenaf Wid's General Store.
  5571 | D:5      | Found a hide-covered altar of Uskayaw.
  5748 | D:6      | Found a staircase to the Ecumenical Temple.
  5823 | D:6      | Found a shimmering altar of Xom.
  5855 | D:6      | Reached skill level 8 in Maces & Flails
  6156 | D:6      | Noticed Eustachio
  6160 | D:6      | Killed Eustachio
  6753 | D:7      | Reached skill level 9 in Maces & Flails
  6934 | D:7      | Found Alaubid's Jewellery Emporium.
  7013 | D:7      | Gained mutation: You have a pair of large horns on your
                  | head. [demonic ancestry]
  7013 | D:7      | Reached XP level 10. HP: 76/76 MP: 10/10
  7038 | D:7      | Found a sand-covered staircase.
  7043 | Ossuary  | Entered an ossuary
  7097 | Ossuary  | Lost mutation: You are occasionally teleported next to
                  | monsters. [potion of mutation]
  7097 | Ossuary  | Lost mutation: You are strong-willed. (Will+) [potion of
                  | mutation]
  7097 | Ossuary  | Gained mutation: Your spells are a little harder to cast,
                  | but a little more powerful. [potion of mutation]
  7097 | Ossuary  | Gained mutation: Your flesh is heat resistant. (rF+)
                  | [potion of mutation]
  7212 | Ossuary  | Reached ****** piety under Cheibriados
  7236 | Ossuary  | Reached skill level 10 in Maces & Flails
  7413 | D:7      | Found Wuabu's Antique Weapon Shop.
  7731 | D:8      | Noticed Maurice
  7735 | D:8      | Killed Maurice
  8182 | D:8      | Noticed Erica
  8211 | D:8      | Noticed a sun demon
  8212 | D:8      | HP: 1/75 [sun demon[a kobold demonologist] (6)]
  8213 | D:8      | Noticed an orange demon
  8217 | D:8      | Demolished by a sun demon

Illustrated notes

Levels and vault maps discovered:
D:1:      saegor_arrival_simple_b, layout_rooms, nicolae_grassy_gnolls
D:2:      layout_loops_ring, dreamdust_ecumenical_altar_drowned_temple,
          serial_shops, shop, kennysheep_generic_room_9
D:3:      layout_loops_ring, grunt_nemelex_the_gamble,
          nicolae_overflow_hidden_temple, gammafunk_ghost_smash,
          gup_sewer_entry_bubbles
D:4:      layout_cave_pods, kennysheep_mini, ebering_ghost_inner_flame,
          minmay_misc_feat_x, minmay_misc_feat_square,
          chequers_serial_rivers_large_b, uniq_ijyb, uniq_robin, uniq_edmund,
          uniq_menkaure
D:5:      layout_rooms, mainiacjoe_overflow_big_doors, amcnicky_altar_gilded,
          serial_shops, nicolae_shop_waterfront, kennysheep_generic_room_12,
          uniq_grinder
D:6:      layout_basic, xom_teletrap_fun, minmay_temple_entry_slanted,
          uniq_eustachio
D:7:      layout_gridville, serial_shops, shop_fountains,
          nicolae_ossuary_entry_ruins, minmay_shop_enchanted_jewellery
D:8:      layout_basic, serial_co_window_serial, co_window_paths_b,
          co_window_of_opportunity_a, co_window_of_opportunity_a,
          co_window_paths_a, co_window_paths_a, co_window_unsneaky_path_e,
          co_window_2corner, co_window_2corner, co_window_corner_b,
          co_window_unsneaky_path_e, co_window_4corner_b, co_window_paths_e,
          glass_columns_b, glass_columns_a, glass_columns_a, glass_columns_b,
          glass_columns_b, hellmonk_guarded_unrand_vitality_bloodlust,
          uniq_erica, uniq_maurice, uniq_maggie

Skill      XL: |  1  2  3  4  5  6  7  8  9 10 |
---------------+-------------------------------+-----
Long Blades    | 2 3 4 |  4.5
Armour         | 3 4 |  4.3
Shields        | 3 4 |  4.8
Dodging        | 1 2 3 |  3.4
Maces & Flails | 1 4 7 9 10 | 10.4
Stealth        | 1 2 |  2.5
Fighting       | 4 5 6 |  6.2

Action                   |  1- 3 |  4- 6 |  7- 9 | 10-12 || total
-------------------------+-------+-------+-------+-------++-------
Melee: Long sword        |   150 |   104 |       |       ||   254
       Great mace        |       |    11 |   127 |    98 ||   236
       Headbutt          |       |       |    29 |    22 ||    51
  Use: Scroll            |     2 |     5 |     6 |     9 ||    22
       Potion            |       |     4 |     4 |     5 ||    13
 Stab: Sleeping          |       |     1 |     4 |     1 ||     6
       Distracted        |       |       |       |     2 ||     2
Armor: Scale mail        |    60 |    35 |       |       ||    95
       Troll leather arm |       |    28 |    49 |    29 ||   106
Dodge: Dodged            |    73 |    76 |    88 |    79 ||   316
Block: Buckler           |    49 |    74 |       |       ||   123
       Other             |       |     3 |    33 |    26 ||    62

Table legend: (Time is in decaauts)
 A = Elapsed time spent in this place.
 B = Non-inter-level travel time spent in this place.
 C = Inter-level travel time spent in this place.
 D = Time resting spent in this place.
 E = Time spent auto-exploring this place.
 F = Levels seen in this place.
 G = Mean time per level.
                   A        B        C        D        E       F      G
               +--------+--------+--------+--------+--------+-----+--------+
         Total |  12632 |  11382 |   1250 |    309 |   8756 |  10 | 1263.2 |
       Dungeon |  11747 |  10497 |   1250 |    309 |   8244 |   8 | 1468.4 |
         Sewer |    318 |    318 |      0 |      0 |    237 |   1 |  318.0 |
       Ossuary |    566 |    566 |      0 |      0 |    274 |   1 |  566.0 |
               +--------+--------+--------+--------+--------+-----+--------+

Top non-repeatable levels by time:
     D:3: 2407 daAuts
     D:4: 1827 daAuts
     D:6: 1603 daAuts
     D:5: 1351 daAuts
     D:2: 1287 daAuts
     D:7: 1199 daAuts
     D:8: 1060 daAuts
     D:1: 1010 daAuts
 Ossuary: 566 daAuts
   Sewer: 318 daAuts
